 Dungeon Crawl Stone Soup version 0.31-a0-152-g6aa68a64a1 (webtiles) character file.

Game seed: 15416703306078394649

90 qw the Shooter (level 4, 0/28 HPs)
             Began as a Gargoyle Hunter on June 10, 2023.
             Slain by a gnoll sergeant
             ... wielding a +0 trident
              (6 damage)
             ... on level 4 of the Dungeon.
             The game lasted 00:00:35 (1316 turns).

qw the Shooter (Gargoyle Hunter)                    Turns: 1316, Time: 00:00:36

Health: 0/28       AC:  7    Str: 15    XL:     4   Next: 56%
Magic:  4/4        EV: 11    Int:  9    God:
Gold:   73         SH:  0    Dex: 15    Spells: 3/3 levels left

rFire   . . .        Y - +0 shortbow
rCold   . . .        (shield currently unavailable)
rNeg    + . .        c - +0 leather armour
rPois   inf          (no helmet)
rElec   +            h - +0 cloak
rCorr   +            (no gloves)
SInv    .            (no boots)
Will    .....        (no amulet)
Stlth   ++           m - ring of resist corrosion
HPRegen 0.24/turn    (no ring)
MPRegen 0.09/turn

%: no passive effects
@: about to teleport
A: sickness immunity, AC +3, negative energy resistance 1, electricity
resistance, torment resistance 1, petrification resistance
a: no special abilities


You were on level 4 of the Dungeon.
You visited 1 branch of the dungeon, and saw 5 of its levels.

You collected 73 gold pieces.


Innate Abilities, Weirdness & Mutations

You are immune to sickness and miasma.
Your stone body is resilient. (AC +3)
You are immune to poison.
You resist negative energy. (rN+)
You are resistant to electric shocks. (rElec)
You are resistant to unholy torment.
You are immune to petrification.


   Skills:
 - Level 3.0 Fighting
 + Level 5.5 Ranged Weapons
 - Level 1.5 Dodging
 - Level 1.1 Stealth


You had 3 spell levels left.
You didn't know any spells.
Your spell library was empty.

Inventory:

Hand Weapons
 Y - a +0 shortbow (weapon)
Armour
 c - a +0 leather armour (worn)
 h - a +0 cloak (worn)
Jewellery
 m - a ring of resist corrosion (left hand)
Scrolls
 a - 2 scrolls of teleportation
 b - a scroll of identify
Potions
 e - a potion of ambrosia {unknown}
 f - a potion of curing {unknown}
 i - a potion of mutation {unknown}
 j - a potion of brilliance {unknown}
 l - a potion of haste {unknown}
 o - a potion of resistance {unknown}

Dungeon Overview and Level Annotations

Branches:
Dungeon (5/15)
 Temple: D:4-7

Altars:
Ashenzari


Message History

You climb upwards.
The kobold shouts!
The hobgoblin shouts!
Found a scale mail and a scroll of identify.
There is a stone staircase leading down here.
There are monsters nearby!
Waypoint 4 assigned to D:4.
You shoot an arrow. The endoplasm quivers.
The arrow hits the endoplasm but does no damage.
A gnoll sergeant comes into view. It is wielding a +0 trident.
The kobold throws a stone.
The stone barely misses you.
1309 ||| Stepping ~*~*~tactically~*~*~ (outnumbered).
Found a fuming pink potion and a trident.
The hobgoblin hits you but does no damage.
You shoot an arrow. The arrow barely misses the hobgoblin.
The hobgoblin closely misses you.
You shoot an arrow. The arrow barely misses the endoplasm.
The arrow closely misses the kobold.
The endoplasm hits you but does no damage.
The hobgoblin hits you but does no damage.
You shoot an arrow. The arrow hits the kobold.
You kill the kobold!
The endoplasm hits you. The gnoll sergeant barely misses you.
The hobgoblin hits you.
You shoot an arrow. The arrow hits the endoplasm.
You kill the endoplasm!
The gnoll sergeant hits you from afar with a +0 trident!
The hobgoblin hits you. The hobgoblin completely misses you.
The gnoll sergeant hits you from afar with a +0 trident.
You shoot an arrow. The arrow hits the hobgoblin.
The hobgoblin is almost dead.
The gnoll sergeant completely misses you.
The hobgoblin barely misses you.
You shoot an arrow. The arrow hits the hobgoblin.
You kill the hobgoblin!
The gnoll sergeant hits you from afar with a +0 trident.
1316 ||| READING 3 scrolls of teleportation.
As you read the scroll of teleportation, it crumbles to dust.
You feel strangely unstable.
The gnoll sergeant hits you from afar with a +0 trident.
You die...

# . . ?#
#..#.## #.#.
#.#)#.#
#.#..
#...........
#.#.#.#.#.#
..g...!..
##%#)#.#.##.
#..@>......#
##.#.#.#.#..
#....[...
##.#.#.#.#
##........
### .#### .#
#


You could see a gnoll sergeant.

Vanquished Creatures
  Jessica (D:2)
  An adder (D:2)
  4 worms (D:2)
  A dart slug (D:1)
  4 ball pythons
  2 bats (D:2)
  4 endoplasms
  A giant cockroach (D:2)
  A goblin (D:1)
  7 hobgoblins
  3 jackals (D:1)
  2 quokkas (D:2)
  3 frilled lizards
  5 kobolds
  A rat (D:1)
40 creatures vanquished.

Notes
Turn   | Place    | Note
-------+----------+-------------------------------------------
     0 | D:1      | qw the Gargoyle Hunter began the quest for the Orb.
     0 | D:1      | Reached XP level 1. HP: 12/12 MP: 1/1
     0 | D:1      | 0 ||| qw: Version: 0.2-a-29-g67ad517
     0 | D:1      | 0 ||| qw: Game counter: 3927
     0 | D:1      | 0 ||| qw: Always use a shield: true
     0 | D:1      | 0 ||| qw: God list: Okawaru
     0 | D:1      | 0 ||| qw: Allow faded altars: false
     0 | D:1      | 0 ||| qw: Do Orc after D:15 true
     0 | D:1      | 0 ||| qw: Do second Lair branch before Depths: true
     0 | D:1      | 0 ||| qw: Lair rune preference: random
     0 | D:1      | 0 ||| qw: Plans: Normal, Zot:1-4, Slime:5, God:TSO, Crypt,
                  | Tomb, Abyss, Pan, Hells, Win
     0 | D:1      | 0 ||| PLANNING D:1-11
   121 | D:1      | Reached XP level 2. HP: 17/17 MP: 2/2
   487 | D:1      | 487 ||| UPGRADING to +0 cloak.
   492 | D:1      | 492 ||| READING 3 scrolls labelled YSTIKH NOLIH.
   496 | D:1      | 496 ||| READING scroll labelled GOECSO YZXUOZI.
   497 | D:1      | 497 ||| READING scroll labelled WOOWNI VICYH.
   498 | D:1      | 498 ||| READING scroll labelled OTA GIBALUA.
   499 | D:1      | 499 ||| DROPPING scroll of butterflies.
   649 | D:2      | Reached XP level 3. HP: 20/21 MP: 3/3
   715 | D:2      | Reached skill level 5 in Ranged Weapons
   898 | D:2      | Found a broken altar of Ashenzari.
   921 | D:2      | Reached skill level 3 in Fighting
  1035 | D:2      | Noticed Jessica
  1041 | D:2      | Reached XP level 4. HP: 28/28 MP: 4/4
  1042 | D:2      | Killed Jessica
  1070 | D:2      | Found a faded altar of an unknown god.
  1070 | D:2      | Noticed a balrug
  1251 | D:2      | 1251 ||| UPGRADING to ring of resist corrosion.
  1252 | D:2      | 1252 ||| READING scroll labelled LUGOPI LOX ISA.
  1253 | D:2      | 1253 ||| READING 2 scrolls labelled VOROEK ATUORGH.
  1254 | D:2      | 1254 ||| READING scroll labelled BAWOCHENUR.
  1255 | D:2      | 1255 ||| READING scroll labelled XEATHR SOVEGIN.
  1256 | D:2      | 1256 ||| DROPPING scroll of fog.
  1292 | D:3      | You fall into a shaft and drop 2 floors!
  1292 | D:5      | Entered Level 5 of the Dungeon
  1308 | D:4      | Noticed a gnoll sergeant
  1309 | D:4      | 1309 ||| Stepping ~*~*~tactically~*~*~ (outnumbered).
  1315 | D:4      | HP: 6/28 [gnoll sergeant/+0 trident (3)]
  1316 | D:4      | 1316 ||| READING 3 scrolls of teleportation.
  1316 | D:4      | Slain by a gnoll sergeant

Levels and vault maps discovered:
D:1:      minmay_arrival_semitransparent, layout_rooms, serial_bayou_lagoon_a
D:2:      minmay_chambers_of_ones, layout_rooms,
          dreamdust_ecumenical_altar_sealed_demon, basic_altar,
          grunt_ministairs_12, kennysheep_jessica_study, uniq_jessica
D:3:      layout_loops_corners, serial_shops, nicolae_shop_tiny_real_fake_doors,
          serial_undead, serial_undead_c, serial_undead_f, serial_undead_c,
          serial_undead_e, st_stairs_1
D:4:      layout_loops_ring, grunt_decor_junction, st_stairs_9
D:5:      lemuel_castle_with_subvaults [lemuel_castle_interior_carwin_3],
          layout_loops_ring, minmay_overflow_temple_hex

Skill      XL: |  1  2  3 |
---------------+----------+-----
Ranged Weapons | 5 |  5.5
Fighting       | 3 |  3.0
Dodging        | |  1.5
Stealth        | |  1.1

Action                     |  1- 3 |  4- 6 || total
---------------------------+-------+-------++-------
   Fire: Shortbow          |   127 |    13 ||   140
    Use: Scroll            |     4 |     5 ||     9
 Armour: Leather armour    |    20 |     4 ||    24
  Dodge: Dodged            |    33 |     7 ||    40

Table legend:
 A = Non-vault XP
 B = Vault XP
 C = Vault XP percentage of total XP
 D = Non-vault monster count
 E = Vault monster count
 F = Vault count percentage of total count
                 A         B        C        D         E       F
            +---------+---------+-------+---------+---------+-------
      Total |      73 |      56 |  43.4 |      28 |      12 |  30.0
            +---------+---------+-------+---------+---------+-------
        D:1 |      24 |       0 |   0.0 |      13 |       0 |   0.0
        D:2 |      49 |      51 |  51.0 |      15 |       9 |  37.5
        D:4 |       0 |       5 | 100.0 |       0 |       3 | 100.0
            +---------+---------+-------+---------+---------+-------
